 Dungeon Crawl Stone Soup version 0.24-b1 (webtiles) character file.

Game seed: 17930159789548529858, levelgen mode: deterministic

266745 zhudz the Impaler (level 20, -4/177 (178) HPs)
             Began as a Centaur Wanderer on Sept 29, 2019.
             Was the Champion of the Shining One.
             Slain by an anaconda skeleton (5 damage)
             ... on level 7 of Cocytus on Oct 17, 2019.
             The game lasted 16:06:17 (60437 turns).

zhudz the Impaler (Centaur Wanderer)               Turns: 60437, Time: 16:06:17

HP:   -4/177 (178)  AC: 24    Str: 17    XL:     20   Next: 4%
MP:   0/30          EV: 12    Int: 16    God:    the Shining One [******]
Gold: 1698          SH: 13    Dex: 11    Spells: 13/27 levels left

rFire    . . .     SeeInvis +   a - +6 trishula (holy)
rCold    + + .     Gourm    .   n - +2 shield {AC+3}
rNeg     + + +     Faith    +   Q - +0 robe {rC+}
rPois    .         Spirit   .   R - +0 helmet {SInv}
rElec    +         Reflect  .   c - +1 cloak of Starlight {rElec rC+ EV+4 Stlth--}
rCorr    .         Harm     .   (no gloves)
MR       ++...                  d - +2 centaur barding {Stlth+}
Stlth    ..........             B - amulet of faith
HPRegen  0.39/turn              W - +6 ring of protection
MPRegen  0.22/turn              S - ring of protection from magic

@: very slightly contaminated, glowing, constricted, very quick
A: large, hooves 3, deformed body, speed 2, tough skin 3
a: Divine Shield, Cleansing Flame, Summon Divine Warrior, Renounce Religion


You were on level 7 of Cocytus.
You worshipped the Shining One.
The Shining One was exalted by your worship.
You were very hungry.

You visited 8 branches of the dungeon, and saw 33 of its levels.

You collected 3366 gold pieces.
You spent 1668 gold pieces at shops.

Inventory:

Hand Weapons
 a - a +6 trishula of holy wrath (weapon)
 b - a +0 hunting sling of freezing
 f - a +5 scythe of freezing
 j - a +0 halberd of flaming
 s - a +5 scythe of slicing
 t - the +4 glaive of Salt {elec, rF+ Str+5 Dex+4, unknown}
   (You found it on level 7 of Cocytus)

   Occasionally, upon striking a foe, it will discharge some electrical energy
   and cause terrible harm.
   It affects your strength (+5).
   It affects your dexterity (+4).
   It protects you from fire.
 v - a +6 scythe of venom
 y - a +1 shortbow of freezing
Missiles
 e - 400 stones (quivered)
 h - 246 arrows
 o - 8 atropa-tipped darts
 A - 70 sling bullets
 I - 6 boomerangs of dispersal
 K - 34 poisoned darts
 P - a throwing net
Armour
 c - the +1 cloak of Starlight (worn) {rElec rC+ EV+4 Stlth--}
   (You bought it in a shop on level 8 of the Dungeon)

   It affects your evasion (+4).
   It protects you from cold.
   It insulates you from electricity.
   It makes you much less stealthy.
 d - a +2 centaur barding of stealth (worn)
 n - a +2 shield of protection (worn)
 O - a +0 troll leather armour
 Q - a +0 robe of cold resistance (worn)
 R - a +0 helmet of see invisible (worn)
Magical Staves
 Z - an uncursed staff of cold
Jewellery
 B - an amulet of faith (around neck)
 S - a ring of protection from magic (right hand)
 W - a +6 ring of protection (left hand)
Wands
 l - a wand of iceblast (28)
 q - a wand of flame (14)
 E - a wand of polymorph (4)
 G - a wand of acid (10)
 M - a wand of paralysis (9)
 X - a wand of scattershot (4)
Scrolls
 u - 10 scrolls of remove curse
 x - 3 scrolls of magic mapping
 H - a scroll of silence
 J - 5 scrolls of teleportation
 T - 2 scrolls of immolation {unknown}
 U - 2 scrolls of fog
 V - a scroll of vulnerability {unknown}
Potions
 k - 4 potions of brilliance
 m - 5 potions of lignification
 r - a potion of flight
 C - 2 potions of agility
 D - 3 potions of might
 F - 3 potions of magic
 N - 2 potions of cancellation
 Y - a potion of invisibility
Miscellaneous
 i - a phantom mirror
 z - a crystal ball of energy
Comestibles
 g - 9 rations


   Skills:
 * Level 15.0 Fighting
 + Level 15.6 Polearms
 - Level 11.9(12.0) Slings
 - Level 13.6 Bows
 - Level 2.1(8.0) Throwing
 - Level 5.5 Armour
 + Level 8.1 Dodging
 - Level 1.1 Stealth
 - Level 9.0 Shields
 - Level 1.0 Unarmed Combat
 - Level 4.0 Spellcasting
 - Level 4.0 Conjurations
 - Level 4.0 Hexes
 - Level 5.0 Charms
 - Level 4.0 Summonings
 - Level 4.1 Translocations
 - Level 4.0 Fire Magic
 + Level 14.6 Invocations
 - Level 5.1 Evocations


You had 13 spell levels left.
You knew the following spells:

 Your Spells              Type           Power        Failure   Level  Hunger
a - Apportation           Tloc           ###...       3%          1    None
b - Summon Butterflies    Summ           ###.....     3%          1    None
c - Spectral Weapon       Hex/Chrm       ###.....     8%          3    ###....
d - Conjure Flame         Conj/Fire      ###.....     10%         3    ###....
g - Shroud of Golubria    Chrm/Tloc      ###...       3%          2    ##.....
i - Infusion              Chrm           ###.         2%          1    None
r - Recall                Summ/Tloc      N/A          10%         3    ###....

Your spell library contained the following spells:

 Spells                   Type           Power        Failure   Level  Hunger
 Confusing Touch          Hex            ###...       3%          1    None
 Flame Tongue             Conj/Fire      ###..        3%          1    None
 Summon Small Mammal      Summ           ###.         3%          1    None
 Song of Slaying          Chrm           ###.....     3%          2    ##.....
 Throw Flame              Conj/Fire      ###...       4%          2    ##.....
 Inner Flame              Hex/Fire       ###.....     10%         3    ###....
 Animate Skeleton         Necr           N/A          17%         1    None
 Regeneration             Chrm/Necr      ##........   19%         3    ###....
 Sublimation of Blood     Necr           #.........   26%         2    ##.....
 Ignite Poison            Fire/Tmut/Pois #.......     28%         3    ###....
 Sticky Flame             Conj/Fire      ###.....     32%         4    ####...
 Fireball                 Conj/Fire      ###.......   65%         5    ######.
 Petrify                  Tmut/Erth      #.......     86%         4    ####...
 Irradiate                Conj/Tmut      #.........   90%         5    ######.
 Alistair's Intoxication  Tmut/Pois      #.......     99%         5    ######.
 Hydra Form               Tmut           #.........   100%        6    #######
 Statue Form              Tmut/Erth      #........    100%        6    #######
 Dragon Form              Tmut           #.........   100%        7    #######


Dungeon Overview and Level Annotations

Branches:
Dungeon (15/15)            Temple (1/1) D:5            Lair (0/6) D:10
    Orc (0/2) D:9          Vaults (0/5) D:13         Depths (4/5) D:15
   Hell (visited)             Dis (1/7) Hell            Geh (1/7) Hell
    Coc (7/7) Hell            Tar (3/7) Hell

Altars:
Ashenzari
Cheibriados
Dithmenos
Elyvilon
Fedhas
Gozag
Hepliaklqana
Kikubaaqudgha
Makhleb
Nemelex Xobeh
Okawaru
Qazlal
Ru
Sif Muna
Trog
Uskayaw
Vehumet
Wu Jian
Xom
Yredelemnul
Zin
The Shining One

Shops:
D:8 [   Depths:1 ?   Depths:4 [[*

Portals:
Hell: Depths:1 Depths:2 Depths:3 Depths:4
Pandemonium: Depths:1 Depths:2 Depths:3
Ziggurat: Depths:1

Annotations:
D:3 Sigmund!
D:7 Pikel!
D:8 exclusion: downstairs
D:9 exclusion: 2 downstairs
D:10 exclusion: downstairs
D:13 exclusions: door and 2 downstairs
D:15 1 exclusion
Depths:1 1 exclusion
Depths:2 exclusion: 2 downstairs
Depths:3 exclusion: downstairs
Coc:7 Antaeus


Innate Abilities, Weirdness & Mutations

You have hooves in place of feet.
Armour fits poorly on your strangely shaped body.
You cover ground very quickly.
You have extremely tough skin. (AC +3)


Message History

Your angel gestures.
Your angel is healed somewhat.
The golden flame engulfs you but does no damage.
You resist.
The golden flame engulfs the anaconda skeleton!!!
The anaconda skeleton writhes in agony!
The anaconda skeleton is severely damaged.
You are feeling very hungry.
You hear a roar! x2; You hear a shout! x2; You hear a hideous shriek!
You hear a screech!
You hear a hideous shriek!
You hear a screech!
You hear a shout!
You hear a hideous shriek!
The freezing wraith hits your spectral weapon!
Your spectral weapon shares its damage with you!
The freezing wraith freezes your spectral weapon!
Your spectral weapon resists.
Your spectral weapon shares its damage with you!
Your spectral weapon fades away.
* * * LOW HITPOINT WARNING * * *
The anaconda skeleton grabs you. The anaconda skeleton bites you.
You die...

...........####≈≈≈≈≈≈≈≈≈≈≈≈≈≈≈≈≈≈
....D..2....####≈≈≈≈≈≈≈≈≈≈≈≈≈≈≈≈≈
.....A...D...#####≈≈≈≈≈≈≈≈≈≈≈≈≈≈≈
....######A)..## ###≈≈≈≈≈≈≈≈≈≈≈≈≈
...##### ##.[..### ####≈≈≈≈≈≈≈###
..##≈≈≈# ##A....### #########
≈≈≈≈≈≈≈#######.....### **
#≈≈≈≈#≈≈#.#####......###********≈
##≈###......# ##@Z.W.Z..,,,,,≈≈≈≈
*### #......# ####.....,,,≈≈≈≈≈≈
,** #......# ***,.....,≈≈≈≈≈≈≈≈
,,** #.....## **,,,,....≈≈≈≈≈≈≈≈≈
,,,* ###(..# **,,,,,...≈≈≈≈≈≈≈≈≈≈
,,,* #####**,,,,,,≈≈≈≈≈≈≈≈≈≈≈≈≈
,,** *,,,,,≈≈≈≈≈≈≈≈≈≈≈≈,,≈ *,*
**,,≈≈≈≈≈≈≈≈≈≈≈≈≈≈≈≈,, ***
***≈≈≈≈≈≈≈≈≈≈≈≈≈≈≈,,≈≈,,


You could see an ice dragon, a freezing wraith, a spiny frog zombie, an anaconda
skeleton, a friendly daeva and a friendly angel.

Vanquished Creatures
  Mara (Depths:3)
  2 shard shrikes
  2 golden dragons (Depths:3)
  2 bone dragons
  A Tzitzimitl (Hell)
  A doom hound (Tar:2)
  A tentacled monstrosity (Depths:2)
  3 Ice Fiends
  A titan (Depths:2)
  A shadow dragon (Depths:2)
  A tengu reaver (Depths:2)
  A storm dragon (Depths:4)
  5 fire giants
  9 frost giants
  An iron dragon (Depths:3)
  A spriggan defender (Depths:2)
  9 reapers
  21 very ugly things
  2 vampire knights
  12 stone giants
  6 ettins
  3 fire dragons
  2 quicksilver dragon zombies
  4 blizzard demons
  2 yaktaur captains (Depths:3)
  3 ogre magi
  The ghost of Teagy the Blocker, a journeyman VSFi of Qazlal (D:13)
  2 kraken zombies
  7 ice dragons
  4 great orbs of eyes
  A rakshasa (Depths:2)
  2 hydras
  A spriggan air mage (Depths:2)
  4 centaur warriors
  2 tengu warriors (Depths:1)
  4 deep troll shamans
  12 two-headed ogres
  2 titan zombies
  2 vampire magi
  3 deep troll earth magi
  10 spriggan berserkers
  2 sun demons
  A storm dragon zombie (Coc:6)
  3 spriggans (Depths:3)
  2 hell knights
  3 iron golems (Dis:1)
  2 titan skeletons
  2 storm dragon skeletons
  3 iron trolls (Depths:2)
  17 skeletal warriors
  2 anaconda zombies
  A ghost moth zombie (Coc:2)
  A glowing orange brain (Depths:1)
  7 deep trolls
  2 shadow demons
  A torturous demonspawn (Depths:3)
  A wizard (Depths:1)
  4 unseen horrors
  A flayed ghost (Dis:1)
  A golden dragon skeleton (Coc:4)
  A death drake (shapeshifter) (Depths:2)
  A sphinx zombie (Hell)
  A necromancer (Geh:1)
  2 anaconda skeletons
  3 wolf spider zombies
  3 frost giant zombies
  A deep elf mage (D:15)
  22 ugly things
  A stone giant zombie (Tar:2)
  A shadow dragon skeleton (Geh:1)
  A salamander (shapeshifter) (Depths:2)
  2 cyclopes
  2 manticores
  2 guardian serpents
  A stone giant skeleton (Coc:3)
  An elephant (D:9)
  A frost giant skeleton (Coc:6)
  3 dire elephant zombies
  A fire giant skeleton (Coc:6)
  A rust devil (Hell)
  3 gargoyles
  4 hellions
  A spiny frog (D:7)
  3 kobold demonologists
  A yaktaur zombie (Hell)
  A rime drake (shapeshifter) (Depths:3)
  2 anaconda simulacra
  An efreet (Dis:1)
  21 ice devils
  14 freezing wraiths
  8 yaktaurs
  A tengu conjurer (Depths:3)
  10 tormentors
  3 trolls
  11 hydra zombies
  5 red devils
  A wolf spider simulacrum (Hell)
  A troll (shapeshifter) (Depths:2)
  3 hydra skeletons
  3 hornets (Depths:3)
  A fire dragon zombie (Coc:3)
  4 alligator zombies
  A meliai zombie (D:13)
  5 hippogriffs
  27 slime creatures
  An ice dragon zombie (Coc:6)
  22 flying skulls
  2 centaur simulacra
  10 shadows
  A vampire (D:10)
  14 water elementals
  Sigmund (D:3)
  A fire elemental (Hell)
  2 wyverns
  21 yaks
  4 wraiths
  A chaos spawn (Depths:3)
  A human (D:8)
  5 hungry ghosts
  2 vampire mosquitoes (D:15)
  Menkaure (D:6)
  An acid dragon (D:12)
  A soldier ant (D:15)
  Duvessa (D:6)
  A water moccasin (D:7)
  4 spiny frog zombies
  2 hydra simulacra
  7 hell hounds
  2 sky beasts
  4 slaves (D:6)
  7 ice beasts
  2 black bears
  4 necrophages
  A spiny frog skeleton (Coc:6)
  6 orc warriors
  2 eyes of draining
  8 ogres
  A snapping turtle zombie (Coc:3)
  A swamp dragon skeleton (Coc:3)
  3 phantoms
  9 centaurs
  2 crocodiles
  5 big kobolds
  Dowan (D:6)
  9 bullfrogs
  A wyvern skeleton (D:11)
  A water moccasin skeleton (D:9)
  4 scorpions
  21 wights
  9 killer bees
  A howler monkey (D:5)
  6 jellies
  10 crimson imps
  A bullfrog zombie (D:7)
  4 centaur zombies
  3 quasits
  3 bullfrog skeletons
  3 centaur skeletons
  Crazy Yiuf (D:2)
  6 orc priests
  5 hounds
  A human skeleton (Coc:6)
  12 orc wizards
  3 iguanas
  5 iron imps (Dis:1)
  Jessica (D:2)
  Terence (D:2)
  11 worker ants
  A killer bee zombie (D:6)
  2 tengu zombies
  A tengu skeleton (Coc:6)
  A human simulacrum (Coc:2)
  A hound zombie (D:5)
  A hound skeleton (D:8)
  4 mummies
  A howler monkey zombie (D:8)
  A worker ant zombie (D:11)
  18 adders
  3 gnolls (D:2)
  6 shadow imps
  17 white imps
  An ufetubus (Depths:1)
  An ooze (D:1)
  A worm (D:4)
  An adder skeleton (D:5)
  3 dart slugs
  8 leopard geckos
  42 orcs
  A ball python (D:3)
  5 giant cockroaches
  11 goblins
  10 hobgoblins
  3 jackals (D:2)
  5 quokkas
  4 bats
  6 frilled lizards
  23 kobolds
  A leopard gecko skeleton (D:4)
  14 rats
  A spectral weapon (Depths:2)
  3 tentacles
883 creatures vanquished.

Vanquished Creatures (collateral kills)
  An ancient lich (Hell)
  Geryon (Hell)
  A golden dragon (Depths:2)
  3 doom hounds
  3 liches
  3 Tzitzimimeh
  A hellephant (Hell)
  2 Hell Sentinels (Dis:1)
  3 Ice Fiends
  2 shadow dragons
  A tengu reaver (Depths:2)
  A fire giant (Depths:2)
  2 frost giants
  13 reapers
  A stone giant (Depths:4)
  5 very ugly things
  2 war gargoyles (Hell)
  2 elemental wellsprings (Coc:7)
  A vampire knight (Depths:2)
  2 fire dragons (Depths:2)
  2 quicksilver dragon zombies
  2 blizzard demons (Coc:7)
  2 merfolk impalers (Depths:2)
  A great orb of eyes (Depths:2)
  A kraken zombie (Hell)
  A rakshasa (Depths:2)
  A spriggan air mage (Depths:2)
  4 ice dragons
  2 deep troll earth magi (Depths:2)
  A deep troll shaman (Depths:2)
  A titan zombie (Dis:1)
  2 hell hogs (Geh:1)
  4 iron golems
  5 soul eaters (Hell)
  A titan skeleton (Geh:1)
  A sun demon (Hell)
  7 skeletal warriors
  2 hell knights (Geh:1)
  An anaconda zombie (Hell)
  4 deep trolls
  An unseen horror (D:15)
  A wizard (D:13)
  A golden dragon zombie (Coc:2)
  A glowing orange brain (Depths:2)
  A shadow dragon zombie (Coc:4)
  A golden dragon skeleton (Coc:7)
  A tengu zombie (Hell)
  5 necromancers
  2 wolf spider zombies
  A sphinx zombie (Hell)
  An iron dragon zombie (Hell)
  2 shadow dragon skeletons (Geh:1)
  2 fire giant zombies (Tar:3)
  6 ugly things
  5 stone giant zombies
  A slime creature (Depths:2)
  3 manticores
  An iron dragon skeleton (Hell)
  3 frost giant zombies
  7 rust devils (Hell)
  2 spriggan zombies (Hell)
  An ice statue (Coc:7)
  An anaconda simulacrum (Hell)
  3 hellions (Geh:1)
  2 yaktaur zombies (Hell)
  2 tormentors
  9 ice devils
  A dire elephant skeleton (Coc:7)
  2 efreet (D:15)
  2 yaktaurs (Depths:2)
  2 freezing wraiths (Coc:7)
  3 red devils
  A troll (D:15)
  5 hydra zombies
  A hydra skeleton (Hell)
  2 ice dragon zombies (Hell)
  An alligator zombie (Hell)
  9 flying skulls
  A tarantella (shapeshifter) (Depths:4)
  A fire dragon skeleton (Tar:2)
  An ice dragon skeleton (Hell)
  5 shadows
  2 wraiths
  8 fire elementals
  9 water elementals
  3 vampire mosquitoes (D:15)
  12 hell hounds
  A phantom (Geh:1)
  4 necrophages
  An alligator simulacrum (Hell)
  A swamp dragon zombie (Geh:1)
  2 snapping turtle skeletons
  A manticore skeleton (Hell)
  A bullfrog (D:15)
  An elf skeleton (Geh:1)
  11 wights
  4 crimson imps
  2 iron imps (Dis:1)
  11 hell rats (Hell)
  A mummy (Coc:7)
  A white imp (Coc:7)
  An orc (D:13)
  An orc zombie (Coc:7)
  A tentacle (Hell)
277 creatures vanquished.

Vanquished Creatures (others)
  An eldritch tentacle (Coc:4)
  A frost giant (Depths:1)
  A raiju (shapeshifter) (Depths:1)
  A shadow (Geh:1)
  A vampire mosquito (D:15)
  A snapping turtle skeleton (Geh:1)
  2 wights (Geh:1)
  A human zombie (Dis:1)
  8 plants (Depths:1)
  153 spectral weapons
  20 tentacles
190 creatures vanquished.

Grand Total: 1350 creatures vanquished

Notes
Turn   | Place    | Note
-------+----------+-------------------------------------------
     0 | D:1      | zhudz the Centaur Wanderer began the quest for the Orb.
     0 | D:1      | zhudz set off with the following items: a +0 club, a scroll
                  | of teleportation, a +0 robe, a +0 dagger, a ration; and the
                  | following spells available to memorise: Infusion, Summon
                  | Butterflies, Song of Slaying, Shroud of Golubria, Spectral
                  | Weapon, Regeneration, Recall
     0 | D:1      | Reached XP level 1. HP: 14/14 MP: 3/3
     3 | D:1      | Learned a level 1 spell: Infusion
     5 | D:1      | Learned a level 1 spell: Summon Butterflies
    49 | D:1      | Reached skill level 1 in Fighting
   336 | D:1      | Reached XP level 2. HP: 23/23 MP: 1/4
   369 | D:1      | Upgraded the game from 0.24-a0-699-g5a66b1aa3b to
                  | 0.24-a0-715-g0b739ee41d
   737 | D:1      | Reached skill level 1 in Summonings
   980 | D:1      | Reached XP level 3. HP: 29/29 MP: 5/5
   985 | D:1      | Learned a level 3 spell: Spectral Weapon
  1161 | D:2      | Noticed Jessica
  1170 | D:2      | Killed Jessica
  1363 | D:2      | Found a runed translucent door.
  1364 | D:2      | Noticed Crazy Yiuf
  1365 | D:2      | Noticed Terence
  1393 | D:2      | Reached XP level 4. HP: 36/36 MP: 7/7
  1397 | D:2      | Learned a level 2 spell: Shroud of Golubria
  1460 | D:2      | Upgraded the game from 0.24-a0-715-g0b739ee41d to
                  | 0.24-a0-725-gf1a930fc54
  1946 | D:2      | Reached skill level 1 in Polearms
  2615 | D:2      | Reached XP level 5. HP: 41/41 MP: 8/8
  2950 | D:3      | Noticed Sigmund
  3447 | D:4      | Noticed a hungry ghost
  3640 | D:4      | Killed a hungry ghost
  3640 | D:4      | Reached XP level 6. HP: 48/48 MP: 3/9
  4757 | D:5      | Entered Level 5 of the Dungeon
  5408 | D:5      | Found a sparkling altar of Nemelex Xobeh.
  5451 | D:5      | Reached XP level 7. HP: 57/57 MP: 5/10
  5536 | D:5      | Found a staircase to the Ecumenical Temple.
  5548 | Temple   | Entered the Ecumenical Temple
  5599 | Temple   | Upgraded the game from 0.24-a0-725-gf1a930fc54 to
                  | 0.24-a0-736-g4e6fe308c7
  5609 | Temple   | Became a worshipper of the Shining One
  5874 | D:5      | Reached skill level 5 in Polearms
  6117 | D:6      | Found a bloodstained altar of Trog.
  6119 | D:6      | Found a shadowy altar of Dithmenos.
  6144 | D:6      | Noticed Menkaure
  6643 | D:5      | Reached skill level 1 in Bows
  6729 | D:6      | Noticed Duvessa
  6732 | D:6      | Noticed Dowan
  6851 | D:6      | Reached XP level 8. HP: 31/63 MP: 7/11
  7900 | D:7      | Reached * piety under the Shining One
  8025 | D:7      | Reached skill level 5 in Bows
  9081 | D:7      | Noticed a hippogriff
  9081 | D:7      | Reached ** piety under the Shining One
  9107 | D:7      | Killed a hippogriff
  9107 | D:7      | Reached XP level 9. HP: 68/71 MP: 6/12
  9256 | D:7      | Noticed Pikel
 10082 | D:7      | Noticed Pikel
 10082 | D:7      | Pikel changed into Pikel the spiny frog
 10532 | D:7      | Killed Pikel the spiny frog
 10904 | D:7      | Found a snail-covered altar of Cheibriados.
 10905 | D:7      | Found a burning altar of Makhleb.
 11546 | D:8      | Reached skill level 1 in Dodging
 11974 | D:8      | Reached skill level 5 in Fighting
 12034 | D:8      | Found Uthiebb's Antique Armour Shoppe.
 12339 | D:8      | Found a glowing silver altar of Zin.
 12535 | D:9      | Found a staircase to the Orcish Mines.
 12655 | D:9      | Noticed a troll
 12677 | D:9      | Killed a troll
 12709 | D:9      | Reached XP level 10. HP: 81/81 MP: 9/13
 12721 | D:9      | Reached *** piety under the Shining One
 12964 | D:9      | Noticed a white ugly thing
 13040 | D:9      | Killed a white ugly thing
 13040 | D:9      | Reached skill level 1 in Invocations
 14041 | D:10     | Entered Level 10 of the Dungeon
 14145 | D:10     | Noticed a two-headed ogre
 14362 | D:10     | Reached skill level 10 in Polearms
 14363 | D:10     | Noticed an elephant
 14443 | D:9      | Killed an elephant
 15003 | D:10     | Found a staircase to the Lair.
 15490 | D:10     | Reached **** piety under the Shining One
 15517 | D:10     | Reached XP level 11. HP: 89/89 MP: 7/15
 15568 | D:10     | Noticed an unseen horror
 15574 | D:10     | Killed an unseen horror
 15716 | D:10     | Killed a two-headed ogre
 16000 | D:11     | Upgraded the game from 0.24-a0-736-g4e6fe308c7 to
                  | 0.24-a0-762-gca426f56c8
 16069 | D:11     | Reached skill level 10 in Bows
 16079 | D:10     | Reached skill level 5 in Invocations
 16240 | D:11     | Reached skill level 1 in Translocations
 16322 | D:11     | Noticed a two-headed ogre
 16340 | D:11     | Killed a two-headed ogre
 16356 | D:11     | Noticed a five-headed hydra
 16444 | D:11     | Identified a scroll of acquirement
 16680 | D:11     | Noticed a cyan ugly thing
 16712 | D:11     | Noticed a green ugly thing
 16749 | D:11     | Killed a green ugly thing
 16785 | D:11     | Killed a cyan ugly thing
 16785 | D:11     | Reached skill level 1 in Armour
 16913 | D:11     | Learned a level 1 spell: Apportation
 17163 | D:11     | Reached ***** piety under the Shining One
 17169 | D:11     | Noticed a two-headed ogre
 17217 | D:11     | Noticed a green ugly thing
 17233 | D:11     | Killed a two-headed ogre
 17331 | D:11     | Killed a five-headed hydra
 17399 | D:11     | Killed a green ugly thing
 17485 | D:11     | Upgraded the game from 0.24-a0-762-gca426f56c8 to
                  | 0.24-a0-769-g368c1644f8
 18029 | D:12     | Noticed an unseen horror
 18037 | D:12     | Killed an unseen horror
 18037 | D:12     | Reached XP level 12. HP: 93/96 MP: 17/17
 18465 | D:12     | Noticed a two-headed ogre
 18502 | D:12     | Killed a two-headed ogre
 18773 | D:13     | Noticed a two-headed ogre
 18792 | D:13     | Killed a two-headed ogre
 18926 | D:13     | Reached skill level 5 in Armour
 19032 | D:13     | Found a gate to the Vaults.
 19149 | D:13     | HP: 4/96 [barbs]
 19690 | D:13     | Noticed a four-headed hydra
 19788 | D:13     | Killed a four-headed hydra
 20029 | D:13     | Found a runed translucent gate.
 20032 | D:13     | Found a runed translucent gate.
 20032 | D:13     | Found a runed translucent gate.
 20032 | D:13     | Noticed Teagy's ghost (journeyman VSFi)
 20716 | D:14     | Learned a level 3 spell: Recall
 20762 | D:14     | You are sucked into a shaft and drop 1 floor!
 20762 | D:15     | Entered Level 15 of the Dungeon
 20804 | D:15     | Reached XP level 13. HP: 84/105 MP: 11/18
 20867 | D:15     | Reached ****** piety under the Shining One
 21473 | D:15     | Found a shimmering altar of Xom.
 21567 | D:15     | Noticed a fire dragon
 21569 | D:15     | Noticed a red very ugly thing
 21738 | D:15     | Killed a red very ugly thing
 22087 | D:15     | Reached skill level 1 in Evocations
 22867 | D:15     | Killed a fire dragon
 24710 | D:15     | Upgraded the game from 0.24-a0-769-g368c1644f8 to
                  | 0.24-a0-778-g74da537585
 24772 | D:15     | Reached skill level 5 in Evocations
 25408 | D:15     | Found a staircase to the Depths.
 25947 | Depths:1 | Entered Level 1 of the Depths
 26077 | Depths:1 | Noticed a frost giant
 26344 | D:15     | Killed a frost giant
 26700 | Depths:1 | Noticed a stone giant
 26808 | Depths:1 | Killed a stone giant
 27045 | Depths:1 | Noticed a fire dragon
 27088 | Depths:1 | Killed a fire dragon
 27405 | Depths:1 | Reached XP level 14. HP: 118/118 MP: 17/20
 27502 | Depths:1 | Found Ypomob's Magic Scroll Boutique.
 27510 | Depths:1 | Bought a scroll of random uselessness for 16 gold pieces
 27510 | Depths:1 | Bought a scroll of fear for 56 gold pieces
 27573 | Depths:1 | Noticed a stone giant
 27679 | Depths:1 | Killed a stone giant
 27923 | Depths:1 | Found a gateway to a ziggurat.
 27979 | Depths:1 | Noticed a frost giant
 27982 | Depths:1 | Noticed a stone giant
 28178 | Depths:1 | Killed a frost giant
 28412 | Depths:1 | Noticed a cyan very ugly thing
 28446 | Depths:1 | Noticed a cyan very ugly thing
 28583 | Depths:1 | Killed a green very ugly thing
 28606 | Depths:1 | Noticed a cyan very ugly thing
 28689 | Depths:1 | Killed a cyan very ugly thing
 28708 | Depths:1 | Noticed a cyan very ugly thing
 28765 | Depths:1 | Killed a cyan very ugly thing
 28867 | Depths:1 | Killed a cyan very ugly thing
 28867 | Depths:1 | Reached skill level 5 in Dodging
 29225 | Depths:1 | Killed a stone giant
 29887 | Depths:1 | Found a gateway to Hell.
 30058 | Depths:1 | Learned a level 3 spell: Conjure Flame
 30175 | Depths:1 | Found a one-way gate leading to the halls of Pandemonium.
 30534 | Depths:1 | Upgraded the game from 0.24-a0-778-g74da537585 to
                  | 0.24-a0-779-g36f0aeb843
 30559 | Depths:2 | Noticed a fire giant
 30560 | Depths:2 | Upgraded the game from 0.24-a0-779-g36f0aeb843 to
                  | 0.24-a0-809-g71cb82dfb8
 30680 | Depths:1 | Reached skill level 5 in Charms
 30735 | Depths:1 | Reached skill level 1 in Conjurations
 30735 | Depths:1 | Reached skill level 1 in Fire Magic
 30938 | Depths:2 | Noticed a stone giant
 31198 | Depths:2 | Noticed a fire giant
 31429 | Depths:1 | Found a bloodstained altar of Trog.
 31607 | Depths:1 | Upgraded the game from 0.24-a0-809-g71cb82dfb8 to 0.24-b1
 32243 | D:6      | Killed Menkaure
 32270 | D:6      | Killed Duvessa
 32278 | D:6      | Killed Dowan
 32814 | D:3      | Killed Sigmund
 33146 | D:2      | Killed Crazy Yiuf
 33151 | D:2      | Killed Terence
 33436 | D:13     | Killed Teagy's ghost
 34240 | Depths:2 | Noticed a frost giant
 34629 | Depths:2 | Noticed a purple very ugly thing
 34700 | Depths:1 | Killed a fire giant
 34919 | Depths:1 | Killed a purple very ugly thing
 34997 | Depths:1 | Reached XP level 15. HP: 123/124 MP: 11/22
 35491 | Depths:2 | Noticed a tengu reaver
 35814 | Hell     | Entered the Vestibule of Hell
 35814 | Hell     | Noticed Geryon
 35831 | Hell     | Identified the +8 large shield "Xutyento" {rPois rF- Int-5
                  | Stlth+}
 35834 | Hell     | Reached skill level 10 in Invocations
 36159 | Hell     | Killed Geryon
 36263 | Hell     | Noticed an ancient lich
 36271 | Hell     | Killed an ancient lich
 36276 | Hell     | Reached skill level 10 in Fighting
 36284 | Hell     | Found a gateway to the decaying netherworld of Tartarus.
 36347 | Hell     | Found a gateway to the ashen valley of Gehenna.
 36387 | Hell     | Found a gateway to the Iron City of Dis.
 36436 | Hell     | Found a gateway to the freezing wastes of Cocytus.
 36709 | Tar:1    | Entered Level 1 of Tartarus
 36849 | Tar:2    | Noticed a doom hound
 36858 | Tar:2    | Killed a doom hound
 36867 | Tar:2    | Noticed a Tzitzimitl
 37065 | Tar:2    | Noticed a doom hound
 37079 | Hell     | Noticed a shadow dragon
 37231 | Hell     | Noticed a hellephant
 37231 | Hell     | a doom hound changed into a hellephant
 37442 | Hell     | Killed a shadow dragon
 37465 | Hell     | Killed a hellephant
 37622 | Geh:1    | Entered Level 1 of Gehenna
 37736 | Geh:1    | The Shining One protects you from harm!
 37817 | Geh:1    | Reached XP level 16. HP: 26/136 MP: 24/24
 38205 | Dis:1    | Entered Level 1 of the Iron City of Dis
 38346 | Dis:1    | Identified a +3 trishula of holy wrath (a +1 demon trident
                  | of freezing blessed by the Shining One)
 38346 | Dis:1    | Received a gift from the Shining One
 38954 | Depths:2 | Reached skill level 1 in Shields
 39210 | Depths:2 | Noticed a golden dragon
 39394 | Depths:2 | Noticed a lich
 39420 | Depths:2 | Killed a lich
 39452 | Depths:2 | Noticed a lich
 39490 | Depths:2 | Killed a lich
 40061 | Depths:2 | Noticed a tentacled monstrosity
 40099 | Depths:2 | Killed a tentacled monstrosity
 40099 | Depths:2 | Reached skill level 1 in Slings
 40157 | Depths:2 | Reached skill level 5 in Shields
 41409 | Dis:1    | Noticed a bone dragon
 41424 | Dis:1    | Killed a bone dragon
 41459 | Dis:1    | Noticed a Hell Sentinel
 41460 | Dis:1    | Found a burning altar of Makhleb.
 41492 | Dis:1    | Killed a Hell Sentinel
 41540 | Dis:1    | Noticed a Hell Sentinel
 41614 | Dis:1    | Killed a Hell Sentinel
 41637 | Dis:1    | Noticed an Ice Fiend
 41823 | Depths:2 | Killed a tengu reaver
 41950 | Depths:2 | Reached XP level 17. HP: 70/145 MP: 23/26
 43906 | Depths:2 | Reached skill level 5 in Slings
 45277 | Depths:2 | Killed a golden dragon
 45537 | Tar:1    | Noticed a Tzitzimitl
 45663 | Hell     | Killed a Tzitzimitl
 45829 | Tar:3    | Noticed a doom hound
 45837 | Tar:3    | Killed a doom hound
 45840 | Tar:3    | Noticed a Tzitzimitl
 45844 | Tar:3    | Killed a Tzitzimitl
 45890 | Tar:3    | Noticed a doom hound
 45898 | Tar:3    | Killed a doom hound
 45909 | Tar:3    | Noticed a Tzitzimitl
 45913 | Tar:3    | Killed a Tzitzimitl
 46027 | Dis:1    | Killed an Ice Fiend
 47651 | Depths:4 | Found Gozag's Antique Armour Boutique.
 47684 | Depths:4 | Noticed a lich
 47699 | Depths:4 | Killed a lich
 47787 | Depths:4 | Noticed a golden dragon
 47788 | Depths:4 | Found an opulent altar of Gozag.
 47793 | Depths:4 | Found Gozag's Antique Armour Shop.
 47800 | Depths:4 | Found Gozag's Assorted Antiques.
 48785 | Depths:3 | Reached XP level 18. HP: 114/155 MP: 24/27
 49413 | Depths:3 | Noticed a golden dragon
 49766 | Depths:3 | Reached skill level 10 in Slings
 49900 | Depths:3 | Noticed Mara
 50007 | Depths:3 | Noticed zhudz's illusion
 50008 | Depths:3 | Killed Mara
 50524 | Tar:3    | Noticed a doom hound
 50525 | Tar:3    | Noticed a hellephant
 50525 | Tar:3    | a doom hound changed into a hellephant
 50529 | Tar:3    | Noticed a doom hound
 50534 | Tar:3    | Noticed a Tzitzimitl
 50541 | Hell     | Noticed a bone dragon
 50688 | Hell     | Killed a Tzitzimitl
 51040 | Hell     | Killed a bone dragon
 51066 | Tar:2    | Noticed a doom hound
 51179 | Tar:2    | Noticed a Tzitzimitl
 51179 | Tar:2    | Noticed a doom hound
 51191 | Tar:2    | Killed a doom hound
 51510 | Depths:3 | Noticed a golden dragon
 52566 | Depths:3 | Killed a golden dragon
 53444 | Depths:3 | Found the +7 sceptre of Torment {pain, torment}
 55114 | D:8      | Bought the +1 cloak of Starlight {rElec rC+ EV+4 Stlth--}
                  | for 1468 gold pieces
 55114 | D:8      | Found the +1 cloak of Starlight {rElec rC+ EV+4 Stlth--}
 55402 | Depths:1 | Bought a scroll of identify for 32 gold pieces
 55402 | Depths:1 | Bought a scroll of teleportation for 48 gold pieces
 55402 | Depths:1 | Bought a scroll of teleportation for 48 gold pieces
 55853 | Depths:3 | Killed a golden dragon
 57084 | Depths:3 | Reached XP level 19. HP: 157/164 MP: 23/29
 58407 | Coc:1    | Entered Level 1 of Cocytus
 58717 | Coc:2    | Reached skill level 15 in Polearms
 58806 | Coc:2    | Noticed a shard shrike
 58818 | Coc:2    | Killed a shard shrike
 58984 | Coc:5    | Noticed a shard shrike
 58986 | Coc:5    | Noticed a shard shrike
 59498 | Coc:5    | Killed a shard shrike
 59872 | Coc:4    | You fall into a shaft and drop 2 floors!
 60045 | Coc:7    | Entered Level 7 of Cocytus
 60072 | Coc:7    | Got a faintly glowing glaive
 60283 | Coc:7    | Reached skill level 15 in Fighting
 60283 | Coc:7    | Reached XP level 20. HP: 57/177 MP: 14/30
 60334 | Coc:7    | Noticed Antaeus
 60424 | Coc:7    | HP: 4/177 [freezing wraith (6)]
 60430 | Coc:7    | HP: 7/177 [ice dragon/blast of cold[the effects of Hell]
                  | (6)]
 60437 | Coc:7    | HP: 1/177 [freezing wraith (8)]
 60437 | Coc:7    | Slain by an anaconda skeleton

Skill      XL: |  1  2  3  4  5  6  7  8  9 10 11 12 13 14 15 16 17 18 19 |
---------------+----------------------------------------------------------+-----
Fighting       | 1 2 3 4 5 6 7 9 10 11 12 13 15 | 15.0
Summonings     | 1 2 3 4 |  4.0
Spellcasting   | 2 3 4 |  4.0
Hexes          | 2 3 4 |  4.0
Charms         | 2 3 4 5 |  5.0
Polearms       | 1 3 4 6 7 9 10 11 12 13 14 15 | 15.6
Bows           | 3 7 8 9 12 13 | 13.6
Dodging        | 1 3 4 5 6 8 |  8.1
Invocations    | 4 7 9 11 12 13 14 | 14.6
Translocations | 1 3 4 |  4.1
Armour         | 2 5 |  5.5
Evocations     | 5 |  5.1
Conjurations   | 4 |  4.0
Fire Magic     | 4 |  4.0
Shields        | 7 9 |  9.0
Slings         | 3 9 11 | 11.9
Throwing       | |  2.1
Stealth        | |  1.1
Unarmed Combat | |  1.0

Action                   |  1- 3 |  4- 6 |  7- 9 | 10-12 | 13-15 | 16-18 | 19-21 || total
-------------------------+-------+-------+-------+-------+-------+-------+-------++-------
Melee: Dagger            |    22 |       |       |       |       |       |       ||    22
       Kick              |    14 |    12 |    26 |    40 |    50 |    97 |    72 ||   311
       Short sword       |    74 |    22 |       |       |       |       |       ||    96
       Punch             |     1 |     1 |     1 |       |       |     1 |       ||     4
       Spear             |       |   190 |   225 |    95 |       |       |       ||   510
       Halberd           |       |       |    93 |   447 |   802 |    81 |       ||  1423
       Trishula          |       |       |       |       |       |   319 |   389 ||   708
       Trident           |       |       |       |       |       |    25 |       ||    25
       Scythe            |       |       |       |       |       |   289 |    41 ||   330
 Fire: Shortbow          |       |       |    99 |   101 |   496 |   636 |     9 ||  1341
       Hunting sling     |       |       |       |       |       |    41 |     4 ||    45
Throw: Stone             |     4 |    53 |    58 |    44 |    98 |    98 |    17 ||   372
       Dart              |       |       |     4 |     4 |       |     4 |       ||    12
       Throwing net      |       |       |       |       |     2 |     3 |       ||     5
 Cast: Infusion          |    14 |    22 |     3 |     2 |       |       |       ||    41
       Spectral Weapon   |       |    14 |    58 |    83 |    96 |   117 |    49 ||   417
       Shroud of Golubri |       |     1 |       |       |     3 |       |       ||     4
       Summon Butterflie |       |     2 |    15 |    22 |    36 |    60 |     2 ||   137
       Apportation       |       |       |       |    10 |    37 |    27 |       ||    74
       Recall            |       |       |       |       |     9 |     3 |     3 ||    15
       Conjure Flame     |       |       |       |       |    21 |    19 |     6 ||    46
Invok: Divine Shield     |       |       |       |     1 |     7 |     8 |     5 ||    21
       Summon Divine War |       |       |       |     2 |    16 |    26 |    11 ||    55
       Cleansing Flame   |       |       |       |       |     5 |    10 |    19 ||    34
       Brand Weapon With |       |       |       |       |       |     1 |       ||     1
Evoke: Wand              |       |       |     9 |     2 |     1 |     7 |       ||    19
  Use: Scroll            |       |     7 |     4 |     6 |    13 |    18 |     2 ||    50
       Potion            |       |       |     1 |     1 |     8 |     1 |     2 ||    13
 Stab: Distracted        |       |     1 |       |       |       |       |       ||     1
  Eat: Chunk             |     2 |     8 |    20 |    29 |    34 |    23 |     2 ||   118
       Ration            |       |     2 |     2 |     1 |     9 |    14 |     5 ||    33
Armor: Robe              |    36 |    19 |    19 |    48 |    19 |    35 |    80 ||   256
       Troll leather arm |       |       |       |    73 |   150 |   176 |       ||   399
       Leather armour    |       |       |       |       |       |    12 |       ||    12
       Ice dragon scales |       |       |       |       |       |    11 |     2 ||    13
       Skin              |       |       |       |       |       |     2 |       ||     2
Dodge: Dodged            |    33 |    41 |    79 |   126 |   104 |   158 |   104 ||   645
       Deflected         |       |       |       |     4 |    16 |    26 |       ||    46
Block: Other             |       |       |       |     7 |    14 |    19 |       ||    40
       Shield            |       |       |       |       |       |    60 |   148 ||   208
